 Dungeon Crawl Stone Soup version 0.17.1-3-g152610e (webtiles) character file.

57 Gargoyl the Skirmisher (level 3, -3/29 HPs)
             Began as a Demonspawn Abyssal Knight on Apr 12, 2016.
             Was a Follower of Lugonu.
             Killed from afar by Sigmund (15 damage)
             ... with a puff of flame
             ... on level 3 of the Dungeon.
             The game lasted 00:03:22 (1770 turns).

Gargoyl the Skirmisher (Demonspawn Abyssal Knight)  Turns: 1770, Time: 00:03:22

Health: -3/29      AC: 12    Str: 13    XL:     3   Next: 73%
Magic:  5/5        EV:  6    Int: 13    God:    Lugonu [*.....]
Gold:   75         SH:  0    Dex: 12    Spells: 0 memorised, 2 levels left

rFire  . . .     SeeInvis .     a - +1 hand axe
rCold  . . .     Clarity  .     d - +0 chain mail
rNeg   . . .     SustAt   .     (no shield)
rPois  .         Gourm    .     b - +0 helmet
rElec  .         Spirit   .     (no cloak)
rCorr  .         Warding  .     l - +1 pair of gloves
rMut   .         Stasis   .     (no boots)
MR     .....                    (no amulet)
Stlth  ..........               (no ring)
                                (no ring)

@: not resistant to hostile enchantments, extremely unstealthy
A: claws 1, powered by death 1
a: Depart the Abyss, Renounce Religion


You were on level 3 of the Dungeon.
You worshipped Lugonu.
Lugonu was aware of your devotion.
You were very hungry.

You visited 1 branch of the dungeon, and saw 3 of its levels.
You visited the Abyss 1 time.

You collected 75 gold pieces.

Inventory:

Hand Weapons
 a - a +1 hand axe (weapon)
Armour
 b - a +0 helmet (worn)
 d - a +0 chain mail (worn)
 l - a +1 pair of gloves (worn)
Scrolls
 e - a scroll of recharging {unknown}
 g - a scroll of immolation {unknown}
 h - 5 scrolls of identify {unknown}
 k - a scroll of fear {unknown}
Potions
 j - a potion of curing {unknown}
Books
 i - a book of Transfigurations

   Spells                             Type                      Level
   a - Stoneskin                      Transmutation/Earth          2
   b - Irradiate                      Conjuration/Transmutation    5
   c - Statue Form                    Transmutation/Earth          6
   d - Hydra Form                     Transmutation                6
   e - Dragon Form                    Transmutation                7
Comestibles
 c - 2 bread rations
 f - a meat ration


   Skills:
 + Level 3.3 Fighting
 + Level 2.4 Axes
 * Level 2.5 Armour
 + Level 1.1 Dodging
 + Level 3.1 Invocations


You had 2 spell levels left.
You didn't know any spells.

Dungeon Overview and Level Annotations

Branches:
Dungeon (3/15)

Altars:
Dithmenos

Annotations:
D:3 Sigmund; vonLiebermann's ghost, amateur CeAM


Innate Abilities, Weirdness & Mutations

You have sharp fingernails.
You regenerate a little health from kills.


Message History

Something hits you but does no damage.
The hobgoblin hits you but does no damage.
Unknown command.
You hit the hobgoblin.
The hobgoblin is almost dead.
The hobgoblin hits you. Something hits you but does no damage.
Unknown command.
You closely miss the hobgoblin.
The hobgoblin is almost dead.
The hobgoblin barely misses you.
Unknown command.
You hit the hobgoblin.
You kill the hobgoblin!
Lugonu accepts your kill. Something hits you but does no damage.
Unknown command.
A puff of flame appears from out of thin air!
The puff of flame hits you!
Ouch! That really hurt!
You die...

#......# #.#.##.#
#.#.##.# .####.#.##.#
........##.#####
.####...{......#######
#................#
##...##.##.#####.#
##(@##.##.# #.....##.#
#..#####.# ##..#####.#
##.........#
##.....######
##.......##
#.........#
+.).......+


There were no monsters in sight!

Vanquished Creatures
  3 adders (D:2)
  A worm (D:2)
  2 giant geckos (D:1)
  4 goblins
  4 hobgoblins
  4 bats
  5 giant newts
  3 kobolds
  5 rats
31 creatures vanquished.

Notes
Turn   | Place    | Note
--------------------------------------------------------------
     0 | Abyss:1  | Gargoyl the Demonspawn Abyssal Knight began the quest for the Orb.
     0 | Abyss:1  | Reached XP level 1. HP: 18/18 MP: 2/2
    89 | Abyss:1  | Noticed a tentacled starspawn
    92 | Abyss:1  | Noticed a tentacled starspawn
    92 | D:1      | Escaped the Abyss
   472 | D:1      | Gained mutation: You regenerate a little health from kills. [demonic ancestry]
   472 | D:1      | Reached XP level 2. HP: 24/24 MP: 4/4
   522 | D:1      | Reached * piety under Lugonu
   760 | D:2      | Reached skill level 1 in Dodging
   880 | D:2      | Gained mutation: You have sharp fingernails. [demonic ancestry]
   880 | D:2      | Reached XP level 3. HP: 27/29 MP: 5/5
  1480 | D:2      | Found a shadowy altar of Dithmenos.
  1718 | D:3      | Noticed vonLiebermann's ghost (amateur CeAM)
  1752 | D:3      | Noticed Sigmund
  1770 | D:3      | Killed from afar by Sigmund

Action                   || total
-------------------------++-------
Melee: Hand axe          ||   126
Invok: Depart the Abyss  ||     1
  Eat: Chunk             ||     2
